 Dungeon Crawl Stone Soup version 0.30.1-9-gdf580d7c3d (webtiles) character file.

Game seed: 15239590470437131974

1438 Amplified the Trooper (level 8, -1/73 HPs)
             Began as a Hill Orc Hexslinger on Oct 5, 2023.
             Was an Initiate of the Shining One.
             Succumbed to an orc wizard's poison
             ... on level 5 of the Dungeon.
             The game lasted 00:08:49 (6024 turns).

Amplified the Trooper (Hill Orc Hexslinger)         Turns: 6024, Time: 00:08:50

Health: -1/73      AC: 11    Str: 15    XL:     8   Next: 74%
Magic:  9/9        EV:  9    Int: 13    God:    the Shining One [......]
Gold:   293        SH:  0    Dex: 11    Spells: 8/9 levels left

rFire   . . .        h - +2 trident (protect)
rCold   . . .        (no shield)
rNeg    . . .        k - +1 scale mail
rPois   .            (no helmet)
rElec   .            g - +0 cloak
rCorr   .            (no gloves)
SInv    +            d - +0 pair of boots
Will    .....        (no amulet) Stlth
                     p - ring of see invisible
HPRegen 0.32/turn    (no ring)
MPRegen 0.11/turn

%: no passive effects
@: lethally poisoned (-1 -> -23), glowing
A: no striking features
a: Renounce Religion


You were on level 5 of the Dungeon.
You worshipped the Shining One.
The Shining One was noncommittal.
You visited 2 branches of the dungeon, and saw 6 of its levels.

You collected 293 gold pieces.

Inventory:

Hand Weapons
 a - a +1 sling
 h - a +2 trident of protection (weapon)
Missiles
 i - 5 poisoned darts
 m - a throwing net
Armour
 d - a +0 pair of boots (worn)
 g - a +0 cloak (worn)
 k - a +1 scale mail (worn)
Jewellery
 p - a ring of see invisible (left hand)
Wands
 c - a wand of roots (3)
Scrolls
 b - a scroll of poison
 j - a scroll of immolation
 n - 2 scrolls of identify
 o - a scroll of magic mapping
Potions
 e - a potion of flight


   Skills:
 * Level 7.3 Fighting
 * Level 6.1 Polearms
 - Level 1.7 Ranged Weapons
 * Level 6.4 Armour
 - Level 1.5 Dodging
 - Level 1.0 Spellcasting
 - Level 3.0 Hexes
 * Level 1.9 Invocations


You had 8 spell levels left.
You knew the following spells:

 Your Spells              Type           Power      Damage    Failure   Level
a - Slow                  Hex            32%        N/A       28%         1

Your spell library contained the following spells:

 Spells                   Type           Power      Damage    Failure   Level
 Inner Flame              Hex/Fire       4%         N/A       83%         3
 Portal Projectile        Hex/Tloc       8%         N/A       83%         3
 Cause Fear               Hex            4%         N/A       95%         4
 Summon Ice Beast         Ice/Summ       0%         N/A       100%        4
 Summon Mana Viper        Hex/Summ       4%         N/A       100%        5
 Monstrous Menagerie      Summ           0%         N/A       100%        7


Dungeon Overview and Level Annotations

Branches:
Dungeon (5/15)             Temple (1/1) D:5

Altars:
Ashenzari
Cheibriados
Dithmenos
Elyvilon
Fedhas
Gozag
Hepliaklqana
Kikubaaqudgha
Makhleb
Nemelex Xobeh
Okawaru
Qazlal
Ru
Sif Muna
Trog
Uskayaw
Vehumet
Wu Jian
Xom
Yredelemnul
Zin
The Shining One

Shops:
D:1 *


Message History

The orc attacks as you move away! The orc barely misses you.
You feel very sick.
Unknown command.
You feel very sick.
The orc throws a boomerang.
The boomerang barely misses you.
You see here a +0 robe.
Unknown command.
The orc wizard attacks as you move away!
The orc wizard hits you with a +0 dagger of venom.
You are more poisoned.
The orc attacks as you move away! The orc hits you but does no damage.
You feel very sick.
Unknown command.
The orc wizard attacks as you move away!
The orc wizard hits you but does no damage.
You are lethally poisoned!
The orc attacks as you move away! The orc hits you with a +0 whip.
* * * LOW HITPOINT WARNING * * *
You feel extremely sick.
Unknown command.
Okay, then.
* * * LOW HITPOINT WARNING * * *
You feel very sick.
The orc wizard attacks as you move away!
The orc wizard hits you with a +0 dagger of venom.
* * * LOW HITPOINT WARNING * * *
You are more poisoned.
* * * LOW HITPOINT WARNING * * *
You feel extremely sick. The orc barely misses you.
Unknown command.
Okay, then.
Okay, then.
Okay, then.
Aiming: Paralyse
Press: ? - help, Shift-Dir - straight line, f/p - orc wizard
Aim: an orc wizard, wielding a +0 dagger of venom and wearing a +0 robe (slightly transparent, chance to affect: 49%)
The orc wizard resists with some effort.
The now-empty wand crumbles to dust.
You die...

############# ...........
#.....>.# #.......#
#.......# #.......#
#.......#######
##.............#
##.@.......[....#
##.oo............###.
#####...o...........o....
.<........oo........oo#...
.#####...[...###......# ..
.........(o###......# .
####.......oo#......#.
#.......#.........>..
#.......#########....


You could see 2 orc wizards and 5 orcs.

Vanquished Creatures
  Sigmund (D:2)
  Menkaure (D:4)
  A water moccasin (D:5)
  An ice beast (D:5)
  2 ogres
  A gnoll sergeant (D:5)
  2 scorpions (D:4)
  A howler monkey (D:3)
  A sleepcap (D:5)
  Crazy Yiuf (D:2)
  2 orc priests (D:3)
  Jessica (D:3)
  2 iguanas
  An orc wizard (D:4)
  Robin (D:3)
  15 gnolls
  6 adders
  5 worms
  3 dart slugs
  16 orcs
  9 endoplasms
  5 giant cockroaches
  16 goblins
  9 hobgoblins
  5 jackals
  3 quokkas
  11 ball pythons
  4 bats
  8 frilled lizards
  7 kobolds
  8 rats
149 creatures vanquished.

Notes
Turn   | Place    | Note
-------+----------+-------------------------------------------
     0 | D:1      | Amplified the Hill Orc Hexslinger began the quest for the
                  | Orb.
     0 | D:1      | Reached XP level 1. HP: 16/16 MP: 2/2
    78 | D:1      | Reached skill level 1 in Armour
   103 | D:1      | Reached skill level 2 in Fighting
   103 | D:1      | Reached XP level 2. HP: 24/24 MP: 3/3
   331 | D:1      | Found Bist's General Store.
   489 | D:1      | Reached XP level 3. HP: 30/30 MP: 4/4
   699 | D:1      | Found a faded altar of an unknown god.
   738 | D:1      | Reached skill level 1 in Polearms
  1466 | D:2      | Reached skill level 3 in Fighting
  1466 | D:2      | Reached XP level 4. HP: 23/38 MP: 5/5
  1815 | D:2      | Reached XP level 5. HP: 27/45 MP: 6/6
  2136 | D:2      | Noticed Sigmund
  2400 | D:3      | Reached skill level 4 in Fighting
  2622 | D:4      | Reached XP level 6. HP: 42/52 MP: 7/7
  2637 | D:4      | Noticed Menkaure
  2641 | D:5      | Entered Level 5 of the Dungeon
  2643 | D:5      | Found a staircase to the Ecumenical Temple.
  3126 | D:4      | Reached skill level 5 in Fighting
  3142 | D:4      | Reached XP level 7. HP: 36/58 MP: 8/8
  3327 | D:4      | Killed Menkaure
  3898 | D:4      | Reached skill level 5 in Armour
  4299 | D:3      | Noticed Jessica
  4308 | D:3      | Killed Jessica
  4309 | D:3      | Reached skill level 6 in Fighting
  4425 | D:3      | Noticed Robin
  4433 | D:3      | Killed Robin
  4472 | D:3      | Reached skill level 5 in Polearms
  4667 | D:3      | Reached XP level 8. HP: 70/70 MP: 9/9
  4745 | D:3      | Noticed a moth of wrath
  4748 | D:3      | Found a bloodstained altar of Trog.
  5033 | D:2      | Killed Sigmund
  5061 | D:2      | Found a runed translucent door.
  5062 | D:2      | Noticed Crazy Yiuf
  5069 | D:2      | Killed Crazy Yiuf
  5457 | D:5      | Reached skill level 7 in Fighting
  5483 | Temple   | Entered the Ecumenical Temple
  5790 | Temple   | Became a worshipper of the Shining One
  5854 | D:5      | Reached skill level 1 in Invocations
  6024 | D:5      | Succumbed to an orc wizard's poison

Illustrated notes

Levels and vault maps discovered:
D:1:      moated_graveyard_arrival, layout_basic,
          nicolae_ecumenical_snake_handling, serial_shops,
          nicolae_shop_pleasant_corner_grove, minmay_small_reverse_x
D:2:      layout_loops_corners, uniq_crazy_yiuf_cottage, uniq_sigmund
D:3:      layout_loops_ring, tgw_trog, serial_glass, glass_columns_b,
          glass_columns_a, glass_columns_c, glass_columns_a, uniq_robin,
          uniq_jessica
D:4:      layout_cave_pools, kennysheep_generic_room_9, uniq_menkaure
D:5:      layout_rooms, minmay_temple_entry_overgrown
Temple:   mainiacjoe_temple_circle_huts

Skill      XL: |  1  2  3  4  5  6  7  8 |
---------------+-------------------------+-----
Armour         | 1 2 3 4 5 6 |  6.4
Fighting       | 2 3 4 5 6 7 |  7.3
Polearms       | 1 2 3 5 6 |  6.1
Invocations    | 1 |  1.9
Ranged Weapons | |  1.7
Dodging        | |  1.5
Spellcasting   | |  1.0
Hexes          | |  3.0

Action                     |  1- 3 |  4- 6 |  7- 9 || total
---------------------------+-------+-------+-------++-------
  Melee: Trident           |   123 |   169 |   228 ||   520
         Punch             |     1 |     2 |     3 ||     6
   Fire: Sling             |    43 |       |       ||    43
   Cast: Slow              |       |     1 |       ||     1
  Evoke: Wand              |       |     1 |    13 ||    14
    Use: Scroll            |     4 |     4 |     1 ||     9
         Potion            |       |     7 |     5 ||    12
   Stab: Sleeping          |     3 |       |       ||     3
         Distracted        |     1 |       |       ||     1
         Paralysed         |       |     4 |     8 ||    12
 Armour: Robe              |    34 |    15 |       ||    49
         Scale mail        |       |    61 |   108 ||   169
  Dodge: Dodged            |    75 |   103 |    83 ||   261
